 Dungeon Crawl Stone Soup version 0.16.1-14-g82efdee (webtiles) character file.

1300 jacksonaction the Prestidigitator (level 8, -15/52 HPs)
             Began as an Octopode Fighter on Apr 13, 2015.
             Was a Follower of Qazlal.
             Demolished by Prince Ribbit (20 damage)
             ... on level 6 of the Dungeon.
             The game lasted 00:32:40 (5422 turns).

jacksonaction the Prestidigitator (OpFi)            Turns: 5422, Time: 00:32:40

Health: -15/52     AC:  1    Str: 20    XL:     8   Next: 57%
Magic:  18/18      EV: 13    Int: 10    God:    Qazlal [*.....]
Gold:   338        SH: 10    Dex: 12    Spells: 0 memorised, 7 levels left

rFire  . . .     SeeInvis +     C - +7 whip "Beetleslayer" {slash, Contam Str+3 SInv}
rCold  . . .     Clarity  .     c - +0 shield
rNeg   . . .     SustAb   .     (helmet restricted)
rPois  .         Gourm    .     z - amulet of regeneration
rElec  .         Spirit   .     y - ring of see invisible
rCorr  .         Warding  .     A - ring of invisibility
rMut   .         Stasis   .     D - +3 ring of evasion
MR     .....                    (no ring)
Stlth  ++........               (no ring)
                                (no ring)
                                (no ring)
                                (no ring)

@: not resistant to hostile enchantments, unstealthy
A: almost no armour, amphibious, 8 rings, constrict 8, camouflage 1, gelatinous
body 1
a: Renounce Religion, Evoke Invisibility


You were on level 6 of the Dungeon.
You worshipped Qazlal.
Qazlal was aware of your devotion.
You were not hungry.

You visited 1 branch of the dungeon, and saw 6 of its levels.

You collected 338 gold pieces.

Inventory:

Hand weapons
 a - a +0 trident
 C - the +7 whip "Beetleslayer" (weapon) {slash, Contam Str+3 SInv}
   (You found it on level 4 of the Dungeon)

   It inflicts extra damage upon your enemies.
   It affects your strength (+3).
   It enhances your eyesight.
   It causes magical contamination when unequipped.
Missiles
 j - 30 poisoned needles
 x - 5 curare-tipped needles
 G - 3 tomahawks (quivered)
Armour
 c - a +0 shield (worn)
Jewellery
 y - a ring of see invisible (left tentacle)
 z - an amulet of regeneration (around mantle)
 A - a ring of invisibility (right tentacle)
 D - a +3 ring of evasion (on tentacle)
 J - an uncursed amulet of rage
Magical devices
 K - a wand of digging (5)
Scrolls
 b - a scroll of blinking {unknown}
 f - 5 scrolls of fear
 g - 3 scrolls of identify {unknown}
 n - 4 scrolls of remove curse
 q - a scroll of fog {unknown}
 r - 3 scrolls of noise {unknown}
 u - a scroll of teleportation {unknown}
 v - a scroll of enchant armour {unknown}
 w - a scroll of amnesia {unknown}
 H - a scroll of random uselessness {unknown}
Potions
 e - 2 potions of might
 h - 2 potions of heal wounds {unknown}
 i - a potion of cancellation {unknown}
 l - a potion of magic {unknown}
 m - a potion of agility {unknown}
 p - a potion of lignification {unknown}
 s - 4 potions of curing {unknown}
 t - 5 potions of brilliance {unknown}
 E - a potion of mutation {unknown}
 F - a potion of ambrosia {unknown}
 I - a potion of restore abilities {unknown}
 L - a potion of poison {unknown}
 N - a potion of haste {unknown}
Books
 B - the Tome of Lethal Transformation
   (You found it on level 4 of the Dungeon)

   Spells                             Type                      Level
   a - Throw Icicle                   Conjuration/Ice              4
   b - Irradiate                      Conjuration/Transmutation    5
   c - Blade Hands                    Transmutation                5
   d - Statue Form                    Transmutation/Earth          6
Comestibles
 d - 3 bread rations
 k - a meat ration
 o - 2 beef jerkies
 M - 4 chunks of flesh


   Skills:
 - Level 3.0 Fighting
 - Level 6.8 Polearms
 - Level 2.7 Throwing
 - Level 3.0 Dodging
 + Level 3.0 Shields
 - Level 1.6 Invocations
 - Level 8.0 Evocations


You had 7 spell levels left.
You didn't know any spells.

Dungeon Overview and Level Annotations

Branches:
Dungeon (6/15)
 Temple: D:4-7

Altars:
Qazlal

Shops:
D:4 [

Annotations:
D:6 Prince Ribbit; meatme's ghost, experienced FoFi


Innate Abilities, Weirdness & Mutations

You cannot wear most types of armour.
You are amphibious.
You can wear up to eight rings at the same time.
You can use your tentacles to constrict many enemies at once.
Your skin changes colour to match your surroundings (Stealth).
Your rubbery body absorbs attacks (AC +1).


Message History

You miss Prince Ribbit. Your grab misses Prince Ribbit.
Prince Ribbit closely misses you. Prince Ribbit hits you!
You whack Prince Ribbit! Your grab misses Prince Ribbit.
Prince Ribbit is moderately wounded.
Prince Ribbit hits you!!
Prince Ribbit momentarily phases out as your attack passes through him.
You grab Prince Ribbit.
Prince Ribbit is moderately wounded.
You constrict Prince Ribbit.
Prince Ribbit hops awkwardly around.
Prince Ribbit hits you. You block Prince Ribbit's attack.
You barely miss Prince Ribbit.
Prince Ribbit is moderately wounded.
You constrict Prince Ribbit. Prince Ribbit misses you. Prince Ribbit hits you!
* * * LOW HITPOINT WARNING * * *
Unknown command.
You release your grip on Prince Ribbit.
Some of the chunks of flesh in your inventory have rotted away.
Prince Ribbit hits you!!
You die...

#...#.......
#..W#......
....+.....
##'##....
...#. ...+
##+##### ...#
#....§.##...#
#...@.......##
+....F§......#
#.......<....#
#............#
#......##..(##
#......# ...#
##+##### .F..#
...## ...#


You could see Prince Ribbit.

Vanquished Creatures
  Eustachio (D:6)
  Purgy (D:4)
  An orc warrior (D:5)
  A necrophage (D:6)
  A centaur (D:5)
  2 ogres
  A giant frog (D:6)
  A scorpion (D:5)
  4 orc wizards
  3 hounds
  An orc priest (D:5)
  A giant frog skeleton (D:5)
  3 worker ants
  A hound zombie (D:5)
  A hound skeleton (D:5)
  7 adders
  4 worms
  2 adder skeletons
  4 giant geckos
  An ooze (D:5)
  18 orcs
  A bat zombie (D:6)
  2 giant cockroaches
  10 goblins
  7 hobgoblins
  11 jackals
  7 kobolds
  A ball python (D:3)
  10 bats
  3 giant newts
  A quokka skeleton (D:5)
  10 rats
  A fungus (D:1)
123 creatures vanquished.

Notes
Turn   | Place    | Note
--------------------------------------------------------------
     0 | D:1      | jacksonaction, the Octopode Fighter, began the quest for the Orb.
     0 | D:1      | Reached XP level 1. HP: 16/16 MP: 1/1
   158 | D:1      | Reached XP level 2. HP: 17/21 MP: 2/2
   939 | D:2      | Reached XP level 3. HP: 26/26 MP: 3/3
  1623 | D:2      | Reached skill level 4 in Polearms
  1723 | D:2      | Reached XP level 4. HP: 31/31 MP: 4/4
  1925 | D:3      | Noticed an ogre
  2040 | D:3      | Reached skill level 5 in Polearms
  2040 | D:3      | Reached XP level 5. HP: 36/36 MP: 5/5
  2460 | D:3      | Killed an ogre
  2506 | D:3      | Reached skill level 6 in Polearms
  2575 | D:3      | Found a stormy altar of Qazlal.
  2736 | D:4      | Noticed Purgy
  2752 | D:4      | Found Twuag's Armour Boutique.
  2819 | D:4      | Reached XP level 6. HP: 39/42 MP: 6/6
  3093 | D:4      | Identified the Tome of Lethal Transformation
  3164 | D:4      | Killed Purgy
  3289 | D:4      | Got a slimy whip
  3295 | D:4      | Identified the +7 whip "Beetleslayer" {slash, Contam Str+3 SInv} (You found it on level 4 of the Dungeon)
  3416 | D:4      | Reached skill level 1 in Evocations
  3842 | D:3      | Became a worshipper of Qazlal Stormbringer
  3882 | D:5      | Entered Level 5 of the Dungeon
  3901 | D:5      | Reached skill level 1 in Invocations
  3901 | D:5      | Reached XP level 7. HP: 32/46 MP: 7/9
  4701 | D:5      | Reached skill level 5 in Evocations
  4867 | D:5      | Acquired Qazlal's first power
  5135 | D:5      | Reached XP level 8. HP: 52/52 MP: 16/16
  5186 | D:6      | Noticed Eustachio
  5195 | D:6      | Reached skill level 7 in Evocations
  5208 | D:6      | Killed Eustachio
  5243 | D:6      | Noticed meatme's ghost (experienced FoFi)
  5249 | D:6      | Reached skill level 8 in Evocations
  5399 | D:5      | Reached skill level 1 in Throwing
  5410 | D:6      | Noticed Prince Ribbit
  5422 | D:6      | Demolished by Prince Ribbit

Action                   |  1- 3 |  4- 6 |  7- 9 || total
-------------------------+-------+-------+-------++-------
Melee: Trident           |    90 |    88 |       ||   178
       Whip              |       |    22 |   100 ||   122
Throw: Stone             |    42 |    93 |       ||   135
       Tomahawk          |       |       |    74 ||    74
  Use: Scroll            |       |     3 |       ||     3
 Stab: Sleeping          |     3 |     1 |     1 ||     5
       Distracted        |       |     1 |       ||     1
  Eat: Chunk             |     2 |     7 |     7 ||    16
